 Dungeon Crawl Stone Soup version 0.18.1-50-g88ac8fd (webtiles) character file.

74461 magog001 the Hoplite (level 15, -1/130 HPs)
             Began as a Minotaur Fighter on Mar 20, 2017.
             Succumbed to poison (poison gas)
             ... on level 3 of the Swamp.
             The game lasted 02:35:06 (22957 turns).

magog001 the Hoplite (Minotaur Fighter)            Turns: 22957, Time: 02:35:07

Health: -1/130     AC: 25    Str: 28    XL:     15   Next: 6%
Magic:  15/15      EV: 16    Int:  5    God:
Gold:   761        SH: 26    Dex: 17    Spells: 0 memorised, 14 levels left

rFire  + . .     SeeInvis +     I - +4 flail (venom)
rCold  + . .     Gourm    .     i - +6 scale mail of Miphopoa {MR+}
rNeg   . . .     Faith    .     j - +1 large shield
rPois  +         Spirit   +     L - +1 hat
rElec  +         Dismiss  .     P - +1 cloak {MR+}
rCorr  +         Reflect  .     A - +2 pair of gloves {Str+3}
SustAt .         Harm     .     t - +1 pair of boots
MR     +++..     Rnd*Rage +     s - amulet of guardian spirit
Stlth  ++........               X - ring of flight
                                K - ring of see invisible

@: agile, lethally poisoned (-1 -> -33), resistant, extremely resistant to
hostile enchantments, unstealthy
A: retaliatory headbutt, horns 2, berserk 1, blink, mutation resistance 1
a: Blink, Evoke Flight


You were on level 3 of the Swamp.
You were not hungry.

You visited 3 branches of the dungeon, and saw 19 of its levels.
You also visited: Ice Cave.

You collected 1214 gold pieces.
You spent 453 gold pieces at shops.

Inventory:

Hand Weapons
 a - a +0 blowgun
 I - a +4 flail of venom (weapon)
Missiles
 c - 5 needles of sleeping
 n - 3 silver tomahawks
 o - 4 poisoned javelins
 p - 7 tomahawks (quivered)
 q - 53 poisoned needles
 J - 3 javelins
 M - 10 curare-tipped needles
 W - 6 needles of confusion
Armour
 i - the +6 scale mail of Miphopoa (worn) {MR+}
   (You bought it in a shop on level 9 of the Dungeon)

   It affects your resistance to hostile enchantments.
 j - a +1 large shield (worn)
 t - a +1 pair of boots (worn)
 A - a +2 pair of gloves of strength (worn)
 L - a +1 hat (worn)
 P - a +1 cloak of magic resistance (worn)
Jewellery
 s - an amulet of guardian spirit (around neck)
 E - an uncursed ring of wizardry
 K - a ring of see invisible (left hand)
 X - a ring of flight (right hand)
Wands
 d - a wand of lightning (3/15)
 r - a wand of flame (16/48)
 D - a wand of flame (16/48)
 F - a wand of iceblast (7/15)
 O - a wand of paralysis (3/24)
 T - a wand of lightning (0/15)
Scrolls
 e - 8 scrolls of remove curse
 g - 3 scrolls of identify
 k - 4 scrolls of fog
 m - 2 scrolls of amnesia
 v - a scroll of recharging
 z - 3 scrolls of teleportation
 B - 4 scrolls of blinking
Potions
 h - 4 potions of flight
 l - 2 potions of agility
 x - 4 potions of haste
 H - a potion of magic
 U - a potion of invisibility
Miscellaneous
 y - a sack of spiders
 Q - a sack of spiders {used: 2}
Comestibles
 b - 2 meat rations
 f - 11 bread rations
 G - 5 beef jerkies


   Skills:
 + Level 11.2 Fighting
   Level 1.9 Short Blades
   Level 4.6(8.5) Axes
 + Level 10.9(11.3) Maces & Flails
 + Level 1.8 Throwing
 * Level 13.4 Armour
 - Level 1.9 Dodging
 + Level 2.0 Stealth
 * Level 22.0 Shields
 + Level 1.3 Evocations


You had 14 spell levels left.
You didn't know any spells.

Dungeon Overview and Level Annotations

Branches:
Dungeon (9/15)             Temple (0/1) D:4            Lair (6/8) D:9
  Swamp (4/4) Lair:6       Spider (0/4) Lair:6        Slime (0/6) Lair:6
    Orc: D:9-12

Altars:
Cheibriados
Elyvilon
Gozag
Kikubaaqudgha
Makhleb
Okawaru
Pakellas
Trog
Xom
Yredelemnul
Zin
The Shining One
Jiyva

Shops:
D:2 *   D:4 !:[   D:9 [


Innate Abilities, Weirdness & Mutations

You reflexively headbutt those who attack you in melee.
You have a pair of horns on your head.
You tend to lose your temper in combat.
You can translocate small distances at will.
You are somewhat resistant to further mutation.


Message History

* * * LOW HITPOINT WARNING * * *
You feel very sick.
Evoke which item? (* to show all) (? for menu, Esc to quit)
Okay, then.
You're too confused!
Drink which item? (? for menu, Esc to quit)
You feel protected.
You feel less invigorated.
You feel less confused.
* * * LOW HITPOINT WARNING * * *
You feel very sick.
Drink which item? (? for menu, Esc to quit)
You feel protected.
* * * LOW HITPOINT WARNING * * *
You feel very sick.
* * * LOW HITPOINT WARNING * * *
You feel very sick.
* * * LOW HITPOINT WARNING * * *
You feel very sick.
You die...

♣.♣♣♣.♣.≈...≈.≈♣♣♣♣♣♣≈.♣♣.....§≈≈
.♣.♣.♣♣♣.≈...≈♣♣♣♣≈♣♣ ♣♣≈......≈≈
♣.♣≈♣/♣≈♣.≈.≈♣♣♣.≈≈♣♣♣♣.≈≈≈≈≈≈§..
.♣♣♣.♣.≈.≈≈.....≈≈..≈♣♣≈≈≈≈≈≈≈≈.≈
♣.♣.♣♣♣.≈≈.....≈§≈≈≈....>≈≈≈≈≈..♣
≈♣.♣.♣.≈≈≈≈....[.≈≈≈≈.♣♣♣≈.<...≈.
♣♣♣.♣.♣≈≈≈≈......≈≈≈≈≈♣♣♣♣♣♣≈♣...
.♣.♣♣♣≈≈≈≈.≈≈≈≈....≈≈.≈♣ ♣♣♣≈≈♣
♣...♣.♣≈≈≈†.≈≈≈.@♣♣..≈≈♣ ♣♣♣♣
♣♣.♣.♣≈≈.).>≈≈.♣♣♣♣♣♣♣♣♣
♣..♣♣.≈♣♣♣♣≈†.§♣♣♣♣♣ ♣≈≈♣♣♣♣♣
♣♣♣♣≈♣♣.≈♣ ♣♣♣♣ ♣♣...♣♣ ♣§≈≈≈♣
♣♣♣♣≈≈♣ ♣♣♣♣


There were no monsters in sight!

Vanquished Creatures
  3 thorn hunters (Swamp:3)
  A frost giant (IceCv)
  Harold (Lair:4)
  A ghost crab (Swamp:3)
  18 hydras
  7 alligators
  A death yak (IceCv)
  3 swamp dragons
  A spriggan druid (Swamp:3)
  2 shambling mangroves (Swamp:3)
  2 black mambas (Lair:6)
  A centaur zombie (D:8)
  An elephant (Lair:4)
  10 spiny frogs
  A torpor snail (Lair:1)
  4 komodo dragons
  8 giant leeches
  15 polar bears (IceCv)
  Prince Ribbit (D:6)
  13 bog bodies
  28 slime creatures
  12 blink frogs
  3 redbacks (Lair:6)
  A shadow (Swamp:1)
  4 spriggans
  38 yaks
  A hungry ghost (D:7)
  6 vampire mosquitoes (Swamp:3)
  3 basilisks
  11 hippogriffs
  15 swamp worms
  23 insubstantial wisps
  8 porcupines
  9 water moccasins
  9 ice beasts
  3 orc warriors (D:8)
  6 swamp drakes
  4 necrophages (D:7)
  A phantom (D:5)
  2 sky beasts
  10 wasps
  An eye of draining (D:8)
  5 ogres
  19 wolves
  7 centaurs
  11 crocodiles
  4 big kobolds
  15 giant frogs
  A scorpion (D:4)
  2 howler monkeys
  3 wights (D:7)
  A crimson imp (D:9)
  2 giant frog zombies
  3 jellies
  3 giant frog skeletons
  6 orc priests
  7 orc wizards
  4 iguanas
  8 worker ants
  A killer bee zombie (D:7)
  A hound zombie (D:7)
  A hound skeleton (D:7)
  A mummy (D:7)
  A worker ant zombie (D:7)
  3 gnolls (D:2)
  41 river rats
  2 adders
  A shadow imp (D:9)
  An ooze (D:1)
  An adder skeleton (D:4)
  An adder zombie (D:9)
  3 worms
  A dart slug (D:1)
  43 orcs
  A ball python (D:5)
  3 bats (D:1)
  6 giant cockroaches
  2 goblins (D:1)
  7 hobgoblins
  9 jackals
  6 quokkas
  A giant gecko zombie (D:7)
  16 kobolds
  3 rats (D:3)
  4 briar patches (Swamp:3)
  3 plants (Swamp:1)
556 creatures vanquished.

Vanquished Creatures (collateral kills)
  A thorn hunter (Swamp:3)
  A catoblepas (Lair:6)
  An insubstantial wisp (Swamp:2)
3 creatures vanquished.

Vanquished Creatures (others)
  A spriggan (Swamp:2)
  A spriggan druid (Swamp:4)
  A bog body (Swamp:1)
  A slime creature (Swamp:3)
  A swamp drake (Swamp:2)
  A wolf (IceCv)
  A wasp (Swamp:2)
  2 briar patches (Swamp:3)
  12 fungi
  4 plants
25 creatures vanquished.

Grand Total: 584 creatures vanquished

Notes
Turn   | Place    | Note
--------------------------------------------------------------
     0 | D:1      | magog001 the Minotaur Fighter began the quest for the Orb.
     0 | D:1      | Reached XP level 1. HP: 19/19 MP: 0/0
   258 | D:1      | Reached XP level 2. HP: 18/27 MP: 1/1
   842 | D:1      | You fall through a shaft!
   937 | D:2      | Reached XP level 3. HP: 33/33 MP: 2/2
   953 | D:2      | Reached skill level 4 in Shields
  1104 | D:2      | Found Gozag's Platinum Reserve.
  1178 | D:2      | Found a shimmering altar of Xom.
  1340 | D:2      | Reached XP level 4. HP: 30/41 MP: 3/3
  1498 | D:2      | Found an opulent altar of Gozag.
  2160 | D:3      | Found an ancient bone altar of Kikubaaqudgha.
  2163 | D:3      | Found a glowing silver altar of Zin.
  2183 | D:3      | Reached skill level 5 in Shields
  2183 | D:3      | Reached XP level 5. HP: 28/47 MP: 4/4
  2187 | D:3      | Reached skill level 1 in Dodging
  2258 | D:3      | Found a burning altar of Makhleb.
  2860 | D:4      | Found a staircase to the Ecumenical Temple.
  2899 | D:4      | Found Ythealyn's Book Boutique.
  2969 | D:4      | Found a shimmering altar of Xom.
  3286 | D:4      | Found Emuudox's Distillery.
  3291 | D:4      | Bought a potion of curing for 39 gold pieces
  3291 | D:4      | Bought a potion of curing for 39 gold pieces
  3782 | D:4      | Found Cumig's Antique Armour Shoppe.
  3788 | D:4      | Bought a runed ring mail for 96 gold pieces
  3909 | D:4      | Reached skill level 6 in Shields
  3909 | D:4      | Reached XP level 6. HP: 53/53 MP: 5/5
  3951 | D:5      | Entered Level 5 of the Dungeon
  4010 | D:5      | Reached skill level 5 in Armour
  4078 | D:5      | Noticed an ice beast
  4086 | D:5      | Killed an ice beast
  4158 | D:5      | Reached skill level 1 in Stealth
  4158 | D:5      | Reached skill level 7 in Shields
  4158 | D:5      | Reached XP level 7. HP: 40/60 MP: 3/6
  4398 | D:4      | Bought a glowing chain mail for 108 gold pieces
  4562 | D:5      | Reached skill level 5 in Fighting
  4614 | D:5      | Found an oddly glowing altar of Pakellas.
  4686 | D:5      | Got a pitted buckler
  4700 | D:5      | Identified the +0 buckler "Qiffeot" {+Inv rN+ Str+2} (You found it on level 5 of the Dungeon)
  5065 | D:6      | Noticed Prince Ribbit
  5091 | D:6      | Killed Prince Ribbit
  5091 | D:6      | Reached skill level 8 in Shields
  5091 | D:6      | Reached XP level 8. HP: 53/68 MP: 7/7
  5635 | D:7      | Reached skill level 9 in Shields
  6003 | D:7      | Reached skill level 1 in Short Blades
  6036 | D:7      | Found a white marble altar of Elyvilon.
  6055 | D:7      | Reached skill level 10 in Shields
  6295 | D:7      | Reached XP level 9. HP: 75/75 MP: 8/8
  6436 | D:7      | Reached skill level 1 in Maces & Flails
  6436 | D:7      | Reached skill level 11 in Shields
  6473 | D:7      | Gained mutation: Your body sometimes deteriorates upon taking damage. [mutagenic meat]
  6477 | D:7      | Lost mutation: Your body sometimes deteriorates upon taking damage. [mutagenic meat]
  6478 | D:7      | Gained mutation: You are frail (-10% HP). [mutagenic meat]
  6479 | D:7      | Gained mutation: Potions and wands are less effective at restoring your health. [mutagenic meat]
  6480 | D:7      | Gained mutation: Your muscles are strong. (Str +2) [mutagenic meat]
  6481 | D:7      | Gained mutation: You can translocate small distances at will. [mutagenic meat]
  6780 | D:8      | Reached skill level 12 in Shields
  7368 | D:8      | Gained mutation: You tend to lose your temper in combat. [mutagenic meat]
  7369 | D:8      | Gained mutation: Your body sometimes deteriorates upon taking damage. [mutagenic meat]
  7370 | D:8      | Gained mutation: You are somewhat resistant to further mutation. [mutagenic meat]
  7439 | D:8      | Reached XP level 10. HP: 69/75 MP: 9/9
  7750 | D:8      | Found a bloodstained altar of Trog.
  7934 | D:9      | Found a white marble altar of Elyvilon.
  7995 | D:9      | Found an iron altar of Okawaru.
  8091 | D:9      | Reached skill level 13 in Shields
  8141 | D:9      | Found a glowing golden altar of the Shining One.
  8146 | D:9      | Found a basalt altar of Yredelemnul.
  8255 | D:9      | Found a staircase to the Lair.
  8357 | D:9      | Found Ulaadwak's Antique Armour Shoppe.
  8374 | D:9      | Bought a distressingly furry scale mail for 171 gold pieces
  8384 | D:9      | Identified the +6 scale mail of Miphopoa {MR+} (You bought it in a shop on level 9 of the Dungeon)
  8397 | Lair:1   | Entered Level 1 of the Lair of Beasts
  9020 | Lair:1   | Noticed a spiny frog
  9029 | Lair:1   | Killed a spiny frog
  9029 | Lair:1   | Reached skill level 5 in Maces & Flails
  9306 | Lair:1   | Reached skill level 14 in Shields
  9438 | Lair:1   | Noticed a torpor snail
  9439 | Lair:1   | Found a snail-covered altar of Cheibriados.
  9452 | Lair:1   | Killed a torpor snail
  9672 | Lair:2   | Noticed a six-headed hydra
  9684 | Lair:2   | Killed a six-headed hydra
  9684 | Lair:2   | Reached XP level 11. HP: 66/82 MP: 8/10
  9758 | Lair:2   | Reached skill level 10 in Armour
  9874 | Lair:2   | Reached skill level 1 in Evocations
  9909 | Lair:2   | Reached skill level 15 in Shields
 10230 | Lair:2   | Noticed a four-headed hydra
 10241 | Lair:2   | Killed a four-headed hydra
 10581 | Lair:2   | Reached skill level 1 in Throwing
 11339 | Lair:3   | Reached skill level 16 in Shields
 11370 | Lair:3   | Lost mutation: Your body sometimes deteriorates upon taking damage. [potion of cure mutation]
 11370 | Lair:3   | Lost mutation: You are frail (-10% HP). [potion of cure mutation]
 11370 | Lair:3   | Lost mutation: Your muscles are strong. (Str +2) [potion of cure mutation]
 11370 | Lair:3   | Lost mutation: Potions and wands are less effective at restoring your health. [potion of cure mutation]
 11475 | Lair:4   | Noticed Harold
 11488 | Lair:4   | Killed Harold
 11489 | Lair:4   | Reached XP level 12. HP: 68/103 MP: 11/11
 11894 | Lair:4   | Found a frozen archway.
 11964 | IceCv    | Entered an ice cave
 12098 | IceCv    | Identified Sif Muna's Guide on Protection and Ignition (You found it in an ice cave)
 12119 | IceCv    | Reached skill level 17 in Shields
 12213 | IceCv    | Noticed a death yak
 12233 | IceCv    | Killed a death yak
 12605 | IceCv    | Noticed a frost giant
 12638 | IceCv    | Killed a frost giant
 12638 | IceCv    | Reached skill level 18 in Shields
 13535 | Lair:5   | Noticed a six-headed hydra
 13546 | Lair:5   | Killed a six-headed hydra
 13546 | Lair:5   | Reached XP level 13. HP: 91/111 MP: 8/12
 14278 | Lair:6   | Found a hole to the Spider Nest.
 14408 | Lair:6   | Found a staircase to the Slime Pits.
 14945 | Lair:6   | Found a staircase to the Swamp.
 15049 | Lair:6   | Reached skill level 19 in Shields
 15066 | Lair:6   | Found a viscous altar of Jiyva.
 15536 | Lair:6   | Reached skill level 10 in Fighting
 15647 | Swamp:1  | Entered Level 1 of the Swamp
 16377 | Swamp:1  | Paralysed by fainting for 5 turns
 16396 | Swamp:1  | Paralysed by fainting for 10 turns
 16416 | Swamp:1  | Paralysed by fainting for 6 turns
 17187 | Swamp:1  | Reached skill level 20 in Shields
 17901 | Swamp:2  | Reached XP level 14. HP: 110/122 MP: 11/13
 18714 | Swamp:2  | Reached skill level 10 in Maces & Flails
 19565 | Swamp:3  | Noticed a thorn hunter
 19604 | Swamp:3  | Killed a thorn hunter
 20394 | Swamp:3  | Noticed a thorn hunter
 20415 | Swamp:3  | Killed a thorn hunter
 20415 | Swamp:3  | Reached skill level 21 in Shields
 21068 | Swamp:3  | Noticed a thorn hunter
 21088 | Swamp:3  | Killed a thorn hunter
 21137 | Swamp:4  | Entered Level 4 of the Swamp
 21467 | Swamp:4  | Noticed a thorn hunter
 21478 | Swamp:3  | Killed a thorn hunter
 22426 | Swamp:3  | Reached XP level 15. HP: 50/129 MP: 7/14
 22773 | Swamp:4  | Reached skill level 22 in Shields
 22955 | Swamp:3  | HP: 5/130 [poison (poison gas)]
 22956 | Swamp:3  | HP: 2/130 [poison (poison gas)]
 22957 | Swamp:3  | Succumbed to poison (poison gas)

Skill      XL: |  1  2  3  4  5  6  7  8  9 10 11 12 13 14 15 |
---------------+----------------------------------------------+-----
Armour         | 4 5 6 7 8 9 10 11 12 13 | 13.4
Fighting       | 4 5 6 7 8 9 10 11 | 11.2
Shields        | 4 5 6 7 8 10 12 14 16 18 20 21 22 | 22.0
Axes           | 3 4 |  4.6
Dodging        | 1 |  1.9
Stealth        | 1 2 |  2.0
Short Blades   | 1 |  1.9
Maces & Flails | 3 5 7 8 9 10 | 10.9
Evocations     | 1 |  1.3
Throwing       | 1 |  1.8

Action                   |  1- 3 |  4- 6 |  7- 9 | 10-12 | 13-15 || total
-------------------------+-------+-------+-------+-------+-------++-------
Melee: War axe           |    80 |    17 |       |       |       ||    97
       Headbutt          |    12 |    19 |   105 |   194 |   309 ||   639
       Hand axe          |       |    93 |    32 |       |       ||   125
       Dagger            |       |       |   244 |       |       ||   244
       Flail             |       |       |   162 |   818 |  1017 ||  1997
Throw: Tomahawk          |       |     4 |     5 |     8 |     9 ||    26
 Abil: Blink             |       |       |     2 |     1 |     6 ||     9
Evoke: Wand              |       |       |       |     7 |    14 ||    21
       Deck              |       |       |       |       |     5 ||     5
       Sack of spiders   |       |       |       |       |     2 ||     2
       Phantom mirror    |       |       |       |       |     1 ||     1
  Use: Scroll            |       |     9 |     4 |    14 |     5 ||    32
       Potion            |       |     3 |     5 |     6 |    16 ||    30
 Stab: Invisible         |       |       |     1 |       |       ||     1
  Eat: Chunk             |     1 |     6 |    18 |    19 |    10 ||    54
       Meat ration       |       |     1 |       |       |     3 ||     4
       Pizza             |       |       |     1 |       |       ||     1
       Beef jerky        |       |       |     2 |     2 |     1 ||     5
       Bread ration      |       |       |       |     2 |     3 ||     5
Armor: Scale mail        |    23 |    16 |       |   300 |   421 ||   760
       Skin              |       |     3 |       |       |     6 ||     9
       Ring mail         |       |     6 |     1 |       |       ||     7
       Chain mail        |       |       |   181 |    25 |       ||   206
Dodge: Dodged            |    16 |    18 |    56 |   224 |   281 ||   595
Block: Large shield      |    51 |    69 |   318 |  1019 |  1278 ||  2735
       Shield            |     2 |       |       |       |       ||     2
       Buckler           |       |       |    10 |       |       ||    10
